Description

Protoss vs Zerg build order that attacks ~4:30 with 3 dt + 3 adept

This build is quite difficult for zerg to hold as a normal lair timing is too late to get an overseer and also too expensive to afford a reasonable drone count + the detection + units to defend. Due to this, this build needs to be defended with spore crawlers only which places a very difficult task on the zerg player. Defend their drones + spore crawlers perfectly or you kill their spore and they lose a base. Very sharp defense required from your opponent.

There are plenty of ways to transition out of this build order. I show one example of a 2.5 base blink stalker/immortal/sentry timing attack designed to deny the 4th/end the game.

VOD

https://www.youtube.com/watch?v=d3UPyQPRA5M

Replay - Dark Templar Drop - Protoss vs Zerg - Example vs AI

Build Order

Get SALT Encoding   

  14  0:18  Pylon  
  15  0:36  Gateway  
  16  0:43  Assimilator  
  20  1:25  Nexus  
  20  1:35  Cybernetics Core  
  20  1:40  Assimilator  
  21  1:55  Pylon  
  23  2:11  Stalker (Chrono Boost)  
  23  2:12  Warp Gate  
  25  2:21  Twilight Council  
  29  2:41  Robotics Facility  
  31  2:51  Adept  
  36  3:10  Dark Shrine  
  37  3:17  Gateway x2  
  37  3:25  Adept  
  39  3:31  Warp Prism (Chrono Boost)  
  39  3:39  Pylon  
  41  3:46  Assimilator x2  
  45  3:58  Pylon  
  45  4:03  Adept  
  49  4:24  Dark Templar x3  
  53  4:26  Pylon  
  57  4:45  Immortal (Chrono Boost)  
  59  5:01  Archon  
  59  5:03  Nexus  
  59  5:14  Immortal (Chrono Boost)  
  59  5:18  Dark Templar  
  67  5:24  Archon  
  67  5:25  Blink (Chrono Boost)  
  75  5:52  Sentry x3  
  81  5:58  Immortal (Chrono Boost)  
  81  6:13  Gateway x2  
  81  6:17  Sentry x3  
  87  6:18  Gateway  
  87  6:34  Immortal (Chrono Boost)  
  91  6:40  Stalker x3  
  103  7:11  Stalker x6  
Spawning Tool Build Advisor. Get it on Overwolf

Go to:

Details

  • Created by: hushang      
  • Published on: Dec 10, 2020
  • Modified on: Jan 08, 2021
  • Patch: 4.11.0
  • Difficulty: Hard
Show
View Real Time Build Order
Export as new Build Order

Comments (0)

There are no comments. Be the first!

Create an account to comment!